 Dungeon Crawl Stone Soup version 0.18-a0-1677-g2bdad6c (webtiles) character file.

36 dohliylev the Sneak (level 3, -7/24 HPs)
             Began as a Vampire Enchanter on Apr 2, 2016.
             Splashed by Ijyb's acid (13 damage)
             ... on level 2 of the Dungeon.
             The game lasted 00:02:31 (565 turns).

dohliylev the Sneak (Vampire Enchanter)              Turns: 565, Time: 00:02:32

Health: -7/24      AC: -1    Str:  7    XL:     3   Next: 19%
Magic:  0/6        EV: 12    Int: 17    God:
Gold:   8          SH:  0    Dex: 10    Spells: 2 memorised, 3 levels left

rFire  . . .     SeeInvis +     a - +1 dagger
rCold  . . .     Gourm    .     b - +1 robe
rNeg   + . .     Faith    .     (no shield)
rPois  .         Spirit   .     (no helmet)
rElec  .         Dismiss  .     (no cloak)
rCorr  .         Reflect  .     (no gloves)
SustAt .         Harm     .     (no boots)
MR     .....                    (no amulet)
Stlth  +++.......               m - -5 ring of dexterity (curse)
                                e - +4 ring of slaying

@: corroded, very slightly contaminated, not resistant to hostile enchantments,
fairly stealthy
A: fangs 3, see invisible, unbreathing
a: Bat Form


You were on level 2 of the Dungeon.
You were not thirsty.

You visited 1 branch of the dungeon, and saw 2 of its levels.

You collected 8 gold pieces.

Inventory:

Hand Weapons
 a - a +1 dagger (weapon)
Armour
 b - a +1 robe (worn)
Jewellery
 e - a +4 ring of slaying (left hand)
 m - a cursed -5 ring of dexterity (right hand)
Wands
 l - a wand of slowing (12/48)
Scrolls
 f - 2 scrolls of identify {unknown}
 h - a scroll of recharging {unknown}
 i - a scroll of blinking {unknown}
 k - a scroll of remove curse {unknown}
Potions
 d - 14 potions of blood
 g - a potion of curing {unknown}
 j - a potion of agility {unknown}
Books
 c - a book of Maledictions

   Spells                             Type                      Level
   a - Corona                         Hexes                        1
   b - Ensorcelled Hibernation        Hexes/Ice                    2
   c - Confuse                        Hexes                        3
   d - Tukima's Dance                 Hexes                        3
   e - Dazzling Spray                 Conjuration/Hexes            3


   Skills:
 + Level 0.1 Fighting
 + Level 1.1 Short Blades
 + Level 2.4 Dodging
 + Level 5.5 Stealth
 + Level 2.2 Spellcasting
 + Level 4.9 Hexes
 + Level 0.2 Ice Magic


You had 3 spell levels left.
You knew the following spells:

 Your Spells              Type           Power        Failure   Level  Hunger
a - Corona                Hex            ###....      2%          1    #......
b - Ensorcelled Hibernat  Hex/Ice        ##....       12%         2    ###....


Dungeon Overview and Level Annotations

Branches:
Dungeon (2/15)

Altars:

Annotations:
D:2 Ijyb


Innate Abilities, Weirdness & Mutations

You have razor-sharp teeth.
You have supernaturally acute eyesight.
You can survive without breathing.


Message History

You miscast Ensorcelled Hibernation.
You are very lightly contaminated with residual magic.
You feel a bit tired. Ijyb closely misses you.
Casting: Ensorcelled Hibernation
Confirm with . or Enter, or press ? or * to list all spells.
Aiming: Ensorcelled Hibernation
Press: ? - help, Shift-Dir - straight line, f/p - Ijyb
Aim: Ijyb, wielding a club, wearing a leather armour and carrying a wand of acid {zapped: 1} (chance to defeat MR: 50%) Ijyb resists with some effort.
Ijyb misses you.
Casting: Ensorcelled Hibernation
Confirm with . or Enter, or press ? or * to list all spells.
Aiming: Ensorcelled Hibernation
Press: ? - help, Shift-Dir - straight line, f/p - Ijyb
Aim: Ijyb, wielding a club, wearing a leather armour and carrying a wand of acid {zapped: 1} (chance to defeat MR: 50%) Ijyb resists with some effort.
Ijyb zaps a wand.
The bolt of acid hits you!
Ouch! That really hurt!
* * * LOW HITPOINT WARNING * * *
The acid corrodes you!
The acid burns!
Ouch! That really hurt!
You die...

## .. . ## #S
################# ..
...#...#.#.#...#.#.###
...## ....
....#...#...#...# #...#
.....###^..#.#.#...#.#
..>..
.......#...#.#.#...#.#
#...
.?.....g@.#...#...#...#
....
.........#.#.#...#.#.#.#
.#.# ..
.......#############.#
##.##.# ....... #......#
##....# .....#% #.######
..)#######..#.#. #..#
##....#.....# #. ##.#
####.#..##.# .. #.#
#####.#..# .# #.##.#


You could see Ijyb and an adder (sleeping).

Vanquished Creatures
  2 worms (D:2)
  A dart slug (D:1)
  2 giant geckos (D:2)
  2 giant cockroaches (D:2)
  3 goblins (D:2)
  A hobgoblin (D:1)
  3 jackals (D:2)
  3 kobolds (D:2)
  A quokka (D:2)
  2 ball pythons (D:2)
  A bat (D:2)
  A giant newt (D:2)
  3 rats (D:2)
25 creatures vanquished.

Notes
Turn   | Place    | Note
--------------------------------------------------------------
     0 | D:1      | dohliylev the Vampire Enchanter began the quest for the Orb.
     0 | D:1      | Reached XP level 1. HP: 13/13 MP: 3/3
    80 | D:2      | Reached XP level 2. HP: 19/19 MP: 5/5
   115 | D:2      | Reached skill level 5 in Stealth
   185 | D:2      | Learned a level 2 spell: Ensorcelled Hibernation
   395 | D:2      | Reached XP level 3. HP: 23/24 MP: 6/6
   557 | D:2      | Noticed Ijyb
   565 | D:2      | Splashed by Ijyb's acid

Vault maps used:
D:1:      dpeg_arrival_another_circle, minmay_box_of_dots
D:2:      minmay_misc_feat_diagonals, nrook_loot_triangle,
          minmay_misc_feat_alley, uniq_iyjb

Skill      XL: |  1  2 |
---------------+-------+-----
Stealth        | 5 |  5.5
Fighting       | |  0.1
Short Blades   | |  1.1
Dodging        | |  2.4
Spellcasting   | |  2.2
Hexes          | |  4.9
Ice Magic      | |  0.2

Action                   || total
-------------------------++-------
Melee: Dagger            ||    61
 Cast: Ensorcelled Hiber ||     6
 Stab: Sleeping          ||    10
